AoeStats
← Jakobob

Arabia

510357542Analyzed
1v1 RM · 24h ago on Sep 30, 2026· 61m 53s· 2 players
Game mode
Random Map
Map size
Tiny (2 player)
Population
200
Speed
Normal
Resources
Standard
Victory
Conquest
Starting age
Dark Age
Ending age
Imperial Age
RankedLock teamsTeams togetherTeam positionsShared explorationLock speedFull tech treeHidden civsTurbo modeCheats
Victory
Defeat
🇩🇪 Magyars · Germany
765
+17
🇧🇷 Goths · Brazil
780
-17
Jakobob
10:55 Feudal Age
12:25 Double-Bit Axe
12:23 Horse Collar
13:54 Wheelbarrow
13:06 Loom
15:59 Scale Barding Armor
24:19 Castle Age
24:31 Scale Mail Armor
25:49 Pikeman
28:26 Husbandry
28:37 Bloodlines
32:28 Hand Cart
32:35 Chain Barding Armor
36:36 Bow Saw
37:05 Heavy Plow
42:20 Imperial Age
43:44 Halberdier
Mac Lound
2:16 Loom
9:41 Feudal Age
11:53 Scale Mail Armor
12:49 Man-at-Arms
20:33 Castle Age
20:43 Pikeman
22:12 Squires
22:49 Husbandry
23:49 Coinage
23:35 Forging
23:23 Horse Collar
24:43 Double-Bit Axe
26:08 Heavy Plow
26:53 Scale Barding Armor
27:38 Fletching
28:40 Wheelbarrow
28:46 Town Watch
29:36 Bow Saw
29:44 Chain Mail Armor
29:53 Hand Cart
31:49 Stone Mining
33:17 Iron Casting
32:45 Town Patrol
34:09 Bodkin Arrow
33:54 Long Swordsman
35:35 Gold Mining
37:57 Chain Barding Armor
51:59 Imperial Age
52:16 Masonry
52:01 Two-Handed Swordsman
54:00 Banking
Connection lost

Rejoining the realm…

Still unreachable

The connection could not be restored.

Session expired

The server has moved on; the page needs a fresh start.